[ PARTIDA AOE2 · #493864728 ]
UnrankedMongoles vs Teutons
Equipo del jugador · DERR
Equipo rival · VICT
[ ANÁLISIS DE REPETICIÓN · EXTRAÍDO DE LA PARTIDA GRABADA ]
Feudal
10:08
Castillos
—
Imperial
—
| APM promedio | 51.8 |
| APM pico | 98 |
| eAPM promedio | 16.8 |
| Aldeanos / militares | 26 / 0 |
Foco
⚔️ 25.9% · 🌾 74.1%
Feudal
8:26
Castillos
—
Imperial
—
| APM promedio | 39.3 |
| APM pico | 73 |
| eAPM promedio | 19.3 |
| Aldeanos / militares | 41 / 0 |
Foco
⚔️ 24.4% · 🌾 75.6%
Mapa de la partida
Recursos iniciales + cada clic de construcción. Líneas = muros · curvas = relieve. ◆ oro · ⬟ piedra · ● bayas · ✦ reliquia · ◌ hueco del cierre
Tu base
Base de TRUM
Terreno inicial suavizado · ◌ = hueco del cierre detectado · pasá el cursor para detalles
Inputs por minuto
— FNUL - - TRUM
Build order — FNUL
49 acciones detectadas en el replay
| 0:00 | Crear | Villager (Male) |
| 0:00 | Crear | Villager (Male) |
| 0:01 | Crear | Villager (Male) |
| 0:02 | Construir | House |
| 0:03 | Construir | House |
| 0:13 | Crear | Villager (Male) |
| 0:13 | Crear | Villager (Male) |
| 1:27 | Crear | Villager (Male) |
| 1:43 | Construir | Lumber Camp |
| 2:05 | Crear | Villager (Male) |
| 2:18 | Crear | Villager (Male) |
| 2:19 | Crear | Villager (Male) |
| 2:47 | Crear | Villager (Male) |
| 3:05 | Crear | Villager (Male) |
| 3:34 | Crear | Villager (Male) |
| 3:55 | Construir | House |
| 4:03 | Crear | Villager (Male) |
| 4:15 | Construir | Mill |
| 4:24 | Construir | House |
| 4:37 | Crear | Villager (Male) |
| 4:38 | Crear | Villager (Male) |
| 4:38 | Crear | Villager (Male) |
| 5:14 | Crear | Villager (Male) |
| 6:08 | Crear | Villager (Male) |
| 6:09 | Crear | Villager (Male) |
| 6:57 | Crear | Villager (Male) |
| 7:17 | Crear | Villager (Male) |
| 7:40 | Construir | Mill |
| 7:50 | Investigar | Feudal Age |
| 8:10 | Construir | Mining Camp |
| 8:36 | Construir | Farm |
| 8:38 | Construir | Farm |
| 9:02 | Construir | House |
| 9:12 | Construir | Farm |
| 9:17 | Construir | Farm |
| 9:43 | Construir | House |
| 9:47 | Crear | Villager (Male) |
| 9:58 | Construir | House |
| 10:02 | Construir | House |
| 10:05 | Construir | Palisade Wall |
| 10:08 | Edad | Edad Feudal |
| 10:15 | Construir | Market |
| 10:20 | Crear | Villager (Male) |
| 10:23 | Construir | Palisade Wall |
| 10:37 | Construir | Gate |
| 10:53 | Crear | Villager (Male) |
| 11:34 | Crear | Villager (Male) |
| 11:37 | Construir | Watch Tower |
| 11:44 | Crear | Villager (Male) |
Build order — TRUM
59 acciones detectadas en el replay
| 0:01 | Crear | Villager (Male) |
| 0:02 | Construir | House |
| 0:03 | Construir | House |
| 0:15 | Crear | Villager (Male) |
| 0:15 | Crear | Villager (Male) |
| 0:23 | Crear | Villager (Male) |
| 0:24 | Crear | Villager (Male) |
| 1:38 | Crear | Villager (Male) |
| 1:39 | Crear | Villager (Male) |
| 2:04 | Crear | Villager (Male) |
| 2:12 | Construir | Lumber Camp |
| 2:14 | Crear | Villager (Male) |
| 2:15 | Crear | Villager (Male) |
| 2:50 | Crear | Villager (Male) |
| 2:50 | Crear | Villager (Male) |
| 2:50 | Crear | Villager (Male) |
| 2:51 | Crear | Villager (Male) |
| 3:10 | Crear | Villager (Male) |
| 3:10 | Crear | Villager (Male) |
| 3:10 | Crear | Villager (Male) |
| 3:47 | Crear | Villager (Male) |
| 3:47 | Crear | Villager (Male) |
| 3:51 | Construir | House |
| 4:07 | Crear | Villager (Male) |
| 4:07 | Crear | Villager (Male) |
| 4:08 | Crear | Villager (Male) |
| 4:51 | Construir | Mill |
| 5:07 | Crear | Villager (Male) |
| 5:24 | Investigar | Loom |
| 6:14 | Investigar | Feudal Age |
| 6:44 | Construir | House |
| 7:58 | Construir | Mining Camp |
| 8:26 | Edad | Edad Feudal |
| 8:29 | Investigar | Town Watch |
| 8:33 | Construir | Blacksmith |
| 8:48 | Construir | Watch Tower |
| 8:53 | Crear | Villager (Male) |
| 9:06 | Crear | Villager (Male) |
| 9:17 | Investigar | Fletching |
| 9:18 | Investigar | Fletching |
| 9:39 | Crear | Villager (Male) |
| 9:39 | Crear | Villager (Male) |
| 9:39 | Crear | Villager (Male) |
| 9:43 | Crear | Villager (Male) |
| 9:51 | Crear | Villager (Male) |
| 9:51 | Crear | Villager (Male) |
| 10:08 | Crear | Villager (Male) |
| 10:08 | Crear | Villager (Male) |
| 10:08 | Crear | Villager (Male) |
| 10:22 | Construir | Watch Tower |
| 10:28 | Construir | Watch Tower |
| 11:18 | Crear | Villager (Male) |
| 11:18 | Crear | Villager (Male) |
| 11:18 | Crear | Villager (Male) |
| 11:19 | Crear | Villager (Male) |
| 11:36 | Construir | House |
| 11:55 | Crear | Villager (Male) |
| 11:55 | Crear | Villager (Male) |
| 11:56 | Crear | Villager (Male) |
Cronología de la partida
| 8:26 | TRUM · age_up feudal |
| 10:05 | FNUL · wall_segment Palisade Wall x5 |
| 10:08 | FNUL · age_up feudal |
| 10:23 | FNUL · wall_segment Palisade Wall x6 |
| 11:58 | FNUL · resign |
[ ANÁLISIS IA · 1 CRÉDITO ]
¿Qué pasó realmente en esta partida?
Wolo.gg analiza cada decisión: build order, eco, micro, errores típicos por bracket. Análisis personalizado por WhatsApp o Discord en 30 segundos.
Guía civ
Mongoles
Perfil
FNUL